Workbook

Sheet OFERTA ECONOMICA
A1: CENTRO AGROPECUARIO LA GRANJA | B1: OFERTA ECONÓMICA
B4: OBJETO: "CONTRATAR EL SUMINISTRO E INSTALACION DE UNA ESTACION DE CARGA DE VEHÍCULOS ELECTRICOS EN EL CENTRO AGROPECUARIO LA GRANJA EN LA VIGENCIA 2026."
A6: No | B6: DESCRIPCION | C6: UNID | D6: CANTIDAD | E6: VALOR UNITARIO | F6: VALOR TOTAL | G6: VALOR UNITARIO OFERTADO | H6: VALOR TOTAL OFERTADO
A7: SUMINISTRO E INSTALACION CARGADOR VEHICULAR
A8: 41 | B8: MEDIA TENSIÓN
A9: 41.1 | B9: Localización y replanteo media tensión. | C9: ML | D9: 5 | E9: 3680 | F9: =+E9*D9 -> 18400
A10: 41.2 | B10: Suministro e instalación de postes de concreto de 12 mts x 1050 kg, incluye trasnporte y servicio de grúa. * poste de 12 mts x 75 | C10: UNID | D10: 1 | E10: 3126165 | F10: =+E10*D10 -> 3126165
A11: 41.3 | B11: Suministro y construcción a todo costo de estructura tipo arranque de circuito trifasico en media tension. | C11: UNID | D11: 1 | E11: 1289775.5 | F11: =+E11*D11 -> 1289775.5
A12: 41.4 | B12: Suministro y construcción a todo costo de estructura de paso en media tensión de 13,2 kv. | C12: UNID | D12: 1 | E12: 966136.5 | F12: =+E12*D12 -> 966136.5
A13: 41.5 | B13: Suministro e instalación de lineas de media tension en cable ACSR 13,2 kv. | C13: ml | D13: 5 | E13: 59000 | F13: =+E13*D13 -> 295000
B14: TOTAL MEDIA TENSIÓN | F14: =+SUM(F9:F13) -> 5695477
A15: 42 | B15: SISTEMA DE MEDIDA Y TRANSFORMACIÓN
A16: 42.1 | B16: Suministro e instalación a todo costo de sistema de medida indirecta 13,2kv 3 elementos montaje en poste con seccionador tripolar. incluye: | C16: UNID | D16: 1 | E16: 23515095 | F16: =+E16*D16 -> 23515095
B17: * cruceta metalica.
B18: * diagonal recta.
B19: * 3 transformadores de corriente tipo exterior 10/5a 17,5kv.
B20: * 3 transformadores de potencial tipo exterior 13,2kv / 120v.
B21: * 3 cortacircuito de 15 kv con sus respectivos fusibles.
B22: * 6 dps de 10 ka, 12 kv de oxido metalico.
B23: *cable de cobre desnudo
A24: 42.2 | B24: Suministro e instalación a todo costo de medidor tipo integrador trifasico indirecto 3x120v 0-10a en gabinete extterior. | C24: UNID | D24: 1 | E24: 5446570 | F24: =+E24*D24 -> 5446570
B25: incluye:
B26: *medidor de energia trifasico de medida indirecta clase 0,5s potencia activa y 1 potencia reactiva. 3x120v 0-10a
B27: *bornera de prueba.
B28: *cables de señal no12 cu tipo vehicular.
B29: *tubo imc 1"
B30: *elementos de fijación y ajuste
A31: 42.3 | B31: Suministro e instalación a todo costo de transformador trifasico de 75 kva 13200v / 440V 60hz tipo poste, incluye: | C31: UNID | D31: 1 | E31: 21692147 | F31: =+E31*D31 -> 21692147
B32: * cruceta metalica.
B33: * diagonal recta.
B34: *transporte y ubicación del transformador en sitio.
B35: *marcación e identificación cumpliendo retie y ntc2050.
B36: *conexión y energización.
B37: *certificado de prodcuto.
B38: *instalación cumpliendo retie, ntc2050
A39: 42.4 | B39: Suministro e instalación a todo costo de sistema malla puesta a tierra para transformador. | C39: UNID | D39: 1 | E39: 3574551 | F39: =+E39*D39 -> 3574551
B40: TOTAL SISTEMA DE MEDIDA Y TRANSFORMACIÓN | F40: =+SUM(F16:F39) -> 54228363
A41: 43 | B41: BAJA TENSION
A42: 43.1 | B42: Localización y replanteo de baja tensión. | C42: ml | D42: 12 | E42: 3180 | F42: =+E42*D42 -> 38160
A43: 43.2 | B43: Suministro e instalación de tubería PVC de 4" para acometida desde subestacion electrica hasta tablero de control y distribucion principal incluye: suministro de tubería PVC 3 ductos. | C43: ml | D43: 12 | E43: 195652.5 | F43: =+E43*D43 -> 2347830
A44: 43.3 | B44: Suministro y construcción de caja de inspección a todo costo de 0.80x0.80m para red de baja tensión en concreto de 2500PSI | C44: UNID | D44: 2 | E44: 1007561.5 | F44: =+E44*D44 -> 2015123
A45: 43.4 | B45: Suministro e instalación de acometida en baja tensión desde bornes de transformador hasta gabinete de distribucion principal, (3F+1N x4/0 AWG ) | C45: m | D45: 35 | E45: 406052.5 | F45: =+E45*D45 -> 14211838
A46: 43.5 | B46: Suministro e instalación de gabinete de control principal de 1,90x0,80x0,45 terminado en pintura electrostática, incluye: suministro de totalizador principal, totalizadores de fuerza para equipos asociados, barrajes de cobre, cinta aislante, aisladores y demás elementos para su correcto funcionamiento. | C46: UNID | D46: 1 | E46: 9811071.5 | F46: =+E46*D46 -> 9811071.5
B47: TOTAL BAJA TENSION | F47: =+SUM(F42:F46) -> 28424022
A48: 44 | B48: LEGALIZACIÓN Y RETIE
A49: 44.1 | B49: Tramite ante operador de red para legalizacion de Proyecto, incluye: digitalizacion de informacion relacionada al proyecto, formatos, diseños, etc. | C49: UNID | D49: 1 | E49: 3025000 | F49: =+E49*D49 -> 3025000
A50: 44.2 | B50: Certificacion Retie de proyecto. | C50: UNID | D50: 1 | E50: 4257500 | F50: =+E50*D50 -> 4257500
A51: 44.3 | B51: Conexión cuadrilla linea viva. | C51: UNID | D51: 1 | E51: 4532648 | F51: =+E51*D51 -> 4532648
B52: TOTAL LEGALIZACIÓN Y RETIE | F52: =+SUM(F48:F51) -> 11815148
A53: 5 | B53: SUMINISTRO E INSTALACIÓN CARGADOR 60kW (CCS2 + CCS2)
A54: 5.1 | B54: SUMINISTRO Y TRANSPORTE CARGADOR 60kW (CCS2 + CCS2) | C54: UND | D54: 1 | E54: 58750000 | F54: =+E54*D54 -> 58750000
A55: 5.2 | B55: OBRA CIVIL, PREPARACION DE SUPERFICIE PARA UNA RESISTENCIA DE 200 KG DE PESO Y TENDIDO DE CABLEADO DE POTENCIA DESDE EL CUARTO GENERAL AL TRANSFORMADOR E INSTALACION DE PROTECCIONES, CONECTIVIDAD A RED DE COMUNICACIONES, CONFIRGURACION Y PUESTA EN MARCHA | C55: UND | D55: 1 | E55: 16500000 | F55: =+E55*D55 -> 16500000
B56: TOTAL CARGADOR | F56: =+F55+F54 -> 75250000
A58: VALOR COSTOS DIRECTOS OBRA CIVIL | F58: =+F52+F47+F40+F14+F56 -> 175413010
A59: ADMINISTRACION | D59: 0.21 | F59: =+F58*D59 -> 36836732
A60: UTILIDAD | D60: 0.05 | F60: =+F58*D60 -> 8770650.5
A61: IVA SOBRE UTILIDAD | D61: 0.19 | F61: =+F60*0.19 -> 1666423.6
A62: VALOR TOTAL OBRA | F62: =+SUM(F58:F61) -> 2.2268682e+08

Sheet 6- APU
E1: DIRECCIÓN ADMINISTRATIVA Y FINANCIERA GRUPO CONSTRUCCIONES | T1: GIL-F-061 V.1
E4: ANALISIS DE PRECIOS UNITARIOS LOTE 1
A6: A. DATOS GENERALES
A7: CONTRATO No: | E7: DE | J7: FECHA INICIO | P7: FECHA TERMINACIÓN
A8: OBJETO DEL CONTRATO: | E8: CONTRATAR EL REDISEÑO, LICENCIAMIENTO Y CONSTRUCCION DE LAS OBRAS PARA EL SUMINISTRO, MONTAJE E IMPLEMENTACIÓN DE UN SISTEMA DE ALMACENAMIENTO Y SURTIDOR DE HIDROCARBUROS Y UNA ESTACION DE CARGA DE VEHÍCULOS ELECTRICOS EN EL CENTRO AGROPECUARIO LA GRANJA
A9: CONTRATISTA:
A10: INTERVENTOR:
A11: SUPERVISOR:
A13: B. DATOS ESPECIFICOS
A14: Item | C14: Descripción | R14: Unidad | T14: Cantidad
A15: 1 | C15: LOCALIZACIÓN, TRAZADO Y REPLANTEO | R15: M2 | T15: =10.5*12 -> 126
A17: 1. Equipo
A18: Descripción | H18: Marca | K18: Tipo | O18: Tarifa/Hora | R18: Rendimiento | T18: Vr. Unitario
A19: NIVEL SKILL LASER HOR-VER 360° Y TRIPODE ALQUILER | K19: SKILL LASER | O19: =+T19/R19 -> 2678.6667 | R19: 0.15 | T19: 401.8
A20: HERRAMIENTA MENOR | R20: 0.03 | T20: =+T43*R20 -> 23.3292
A22: SUBTOTAL | T22: =+T20+T19 -> 425.1292
A24: 2. Materiales
A25: Descripción | M25: Unidad | O25: Cantidad | Q25: Precio Unit. | T25: Vr Unitario
A26: ESTACAS EN MADERA 4 CM. X 4 CM. X 90 CM. - ORDINARIO | M26: Unidad | O26: 0.5 | Q26: =+T26/O26 -> 1859.54 | T26: 929.77
A27: PUNTILLA CON CABEZA 2 1/2"" | M27: lb | O27: 0.01 | Q27: =+T27/O27 -> 4900 | T27: 49
A29: SUBTOTAL | T29: =+T27+T26 -> 978.77
A31: 3. Transportes
A32: Material | K32: Vol. o Peso | M32: Distancia | O32: m2 o Ton/Km | R32: Tarifa | T32: Vr. Unitario
A36: SUBTOTAL
A38: 4. Mano de Obra
A39: Trabajador | J39: Jornal | L39: Prestac. | N39: hc | Q39: Rendimiento | T39: Vr. Unitario
A40: HORA CUADRILLA AA - ALBAÑILERIA | J40: =+'CARGA PRESTACIONAL'!E35+'CARGA PRESTACIONAL'!E36 -> 171314.64 | L40: 1.8157 | N40: =+(L40*J40)/8 -> 38882 | Q40: 0.02 | T40: 777.64
A43: SUBTOTAL | T43: =+T40 -> 777.64
A44: TOTAL COSTO DIRECTO | T44: =ROUND(T43+T36+T29+T22,0) -> 2182
A45: AU CONTRACTUAL | B45: =+'CARGA PRESTACIONAL'!$E$40 -> 0.2695 | S45: TOTAL COSTO INDIRECTO | T45: =+T44*B45 -> 588.049
A46: VALOR TOTAL ACTIVIDAD | T46: =+T45+T44 -> 2770.049
A47: VALOR RECURSOS NECESARIOS PARA LA EJECUCIÓN DE LA ACTIVIDAD | T47: =ROUND(T46*T15,0) -> 349026
A49: Para constancia de lo anterior, se firma la presente acta bajo la responsabilidad expresa de los que intervienen en ella, de conformidad con las funciones desempeñadas por cada uno de los mismos, de acuerdo con el manual de interventoría, en el Espinal - Tolima, a los veinticuatro (24) días, del mes febrero del año 2026.
E51: Firma:
G52: ADRIANA MAGALY CAMACHO PARRA
E53: Ingeniera Apoyo Centro Agropecuario la Granja
E56: DIRECCIÓN ADMINISTRATIVA Y FINANCIERA GRUPO CONSTRUCCIONES | T56: GIL-F-061 V.1
E59: ANALISIS DE PRECIOS UNITARIOS LOTE 1
A61: A. DATOS GENERALES
A62: CONTRATO No: | E62: DE | J62: FECHA INICIO | P62: FECHA TERMINACIÓN
A63: OBJETO DEL CONTRATO: | E63: CONTRATAR EL REDISEÑO, LICENCIAMIENTO Y CONSTRUCCION DE LAS OBRAS PARA EL SUMINISTRO, MONTAJE E IMPLEMENTACIÓN DE UN SISTEMA DE ALMACENAMIENTO Y SURTIDOR DE HIDROCARBUROS Y UNA ESTACION DE CARGA DE VEHÍCULOS ELECTRICOS EN EL CENTRO AGROPECUARIO LA GRANJA
A64: CONTRATISTA:
A65: INTERVENTOR:
A66: SUPERVISOR:
A68: B. DATOS ESPECIFICOS
A69: Item | C69: Descripción | R69: Unidad | T69: Cantidad
A70: 2 | C70: CERRAMIENTO EN MALLA VERD H=2,10 m. | R70: M | T70: =10.5+10.5+12+12 -> 45
A72: 1. Equipo
A73: Descripción | H73: Marca | K73: Tipo | O73: Tarifa/Hora | R73: Rendimiento | T73: Vr. Unitario
A75: HERRAMIENTA MENOR | R75: 0.03 | T75: =+T98*R75 -> 524.907
A77: SUBTOTAL | T77: =+T75+T74 -> 524.907
A79: 2. Materiales
A80: Descripción | M80: Unidad | O80: Cantidad | Q80: Precio Unit. | T80: Vr Unitario
A81: POSTE PARA CERCA 11 X 11 X 1,5 (48KG) | M81: Unidad | O81: 0.35 | Q81: =+T81/O81 -> 23787.143 | T81: 8325.5
A82: TELA VERDE (60GR) A=2,10 PARA CERRAMIENTO | M82: M | O82: 1 | Q82: 1904 | T82: =+Q82*O82 -> 1904
A83: RELLENO CON MATERIAL DE EXCAVACION | M83: M3 | O83: 0.02 | Q83: =+T83/O83 -> 184265 | T83: 3685.3
A84: SUBTOTAL | T84: =+T82+T81+T83 -> 13914.8
A86: 3. Transportes
A87: Material | K87: Vol. o Peso | M87: Distancia | O87: m2 o Ton/Km | R87: Tarifa | T87: Vr. Unitario
A91: SUBTOTAL
A93: 4. Mano de Obra
A94: Trabajador | J94: Jornal | L94: Prestac. | N94: hc | Q94: Rendimiento | T94: Vr. Unitario
A95: HORA CUADRILLA AA - ALBAÑILERIA | J95: =+'CARGA PRESTACIONAL'!E35+'CARGA PRESTACIONAL'!E36 -> 171314.64 | L95: 1.8157 | N95: =+(L95*J95)/8 -> 38882 | Q95: 0.45 | T95: 17496.9
A98: SUBTOTAL | T98: =+T95 -> 17496.9
A99: TOTAL COSTO DIRECTO | T99: =ROUND(T98+T91+T84+T77,0) -> 31937
A100: AU CONTRACTUAL | B100: =+'CARGA PRESTACIONAL'!$E$40 -> 0.2695 | S100: TOTAL COSTO INDIRECTO | T100: =+T99*B100 -> 8607.0215
A101: VALOR TOTAL ACTIVIDAD | T101: =+T100+T99 -> 40544.022
A102: VALOR RECURSOS NECESARIOS PARA LA EJECUCIÓN DE LA ACTIVIDAD | T102: =ROUND(T101*T70,0) -> 1824481
A104: Para constancia de lo anterior, se firma la presente acta bajo la responsabilidad expresa de los que intervienen en ella, de conformidad con las funciones desempeñadas por cada uno de los mismos, de acuerdo con el manual de interventoría, en el Espinal - Tolima, a los veinticuatro (24) días, del mes febrero del año 2026.
E106: Firma:
G107: ADRIANA MAGALY CAMACHO PARRA
E108: Ingeniera Apoyo Centro Agropecuario la Granja
E111: DIRECCIÓN ADMINISTRATIVA Y FINANCIERA GRUPO CONSTRUCCIONES | T111: GIL-F-061 V.1
E114: ANALISIS DE PRECIOS UNITARIOS LOTE 1
A116: A. DATOS GENERALES
A117: CONTRATO No: | E117: DE | J117: FECHA INICIO | P117: FECHA TERMINACIÓN
A118: OBJETO DEL CONTRATO: | E118: CONTRATAR EL REDISEÑO, LICENCIAMIENTO Y CONSTRUCCION DE LAS OBRAS PARA EL SUMINISTRO, MONTAJE E IMPLEMENTACIÓN DE UN SISTEMA DE ALMACENAMIENTO Y SURTIDOR DE HIDROCARBUROS Y UNA ESTACION DE CARGA DE VEHÍCULOS ELECTRICOS EN EL CENTRO AGROPECUARIO LA GRANJA
A119: CONTRATISTA:
A120: INTERVENTOR:
A121: SUPERVISOR:
A123: B. DATOS ESPECIFICOS
A124: Item | C124: Descripción | R124: Unidad | T124: Cantidad
A125: 3 | C125: RETIRO DE ARBOLES EXISTENTES | R125: Unidad | T125: 2
A127: 1. Equipo
A128: Descripción | H128: Marca | K128: Tipo | O128: Tarifa/Hora | R128: Rendimiento | T128: Vr. Unitario
A129: CARGADOR FRONTAL+BALDE+COMBUSTIBLE | K129: AE-60 | O129: 45496.44 | R129: 0.39 | T129: =+O129/R129 -> 116657.54
A130: MOTOSIERRA | O130: 36738.08 | R130: 0.8 | T130: =+O130*R130 -> 29390.464
A131: HERRAMIENTA MENOR | R131: 0.03 | T131: =+T153*R131 -> 25078.89
A132: SUBTOTAL | T132: =T130+T129+T131 -> 171126.89
A134: 2. Materiales
A135: Descripción | M135: Unidad | O135: Cantidad | Q135: Precio Unit. | T135: Vr Unitario
A141: 3. Transportes
A142: Material | K142: Vol. o Peso | M142: Distancia | O142: m2 o Ton/Km | R142: Tarifa | T142: Vr. Unitario
A146: SUBTOTAL
A148: 4. Mano de Obra
A149: Trabajador | J149: Jornal | L149: Prestac. | N149: hc | Q149: Rendimiento | T149: Vr. Unitario
A150: HORA CUADRILLA AA - ALBAÑILERIA | J150: =+'CARGA PRESTACIONAL'!E35+'CARGA PRESTACIONAL'!E36 -> 171314.64 | L150: 1.8157 | N150: 38882 | Q150: 21.5 | T150: =+Q150*N150 -> 835963
A153: SUBTOTAL | T153: =+T150 -> 835963
A154: TOTAL COSTO DIRECTO | T154: =ROUND(T153+T146+T139+T132,0) -> 1007090
A155: AU CONTRACTUAL | B155: =+'CARGA PRESTACIONAL'!$E$40 -> 0.2695 | S155: TOTAL COSTO INDIRECTO | T155: =+T154*B155 -> 271410.76
...

Sheet CONSULTORIA REDISEÑO
A1: REDISEÑO IMPLEMENTACION DE UN SISTEMA DE ALMACENAMIENTO Y SURTIDOR DE HIDROCARBUROS , INCLUYE PLAN DE PREPARACION PARA PREVENCION Y RESPUESTA ANTE EMERGENCIAS DE ACUERDO CON LINEAMIENTOS DEL AUTO No.5247 DEL 15 DE SEPTIEMBRE DE 2024 DE CORTOLIMA
A3: ITEM | B3: CODIGO UNSPSC | C3: DESCRIPCION | D3: CANTIDAD | E3: UNIDAD | F3: VR. UNITARIO | G3: VR. TOTAL
A4: 1 | B4: 77101806 | C4: DIRECTOR DE CONSULTORIA INGENIERO CIVIL ESPECIALISTA 50% | D4: 1 | E4: MES | F4: =5000000*1.7 -> 8500000 | G4: =+F4*D4 -> 8500000
A5: 2 | B5: 77101806 | C5: CONSULTORIA INGENIERO CIVIL ESPECIALISTA | D5: 2 | E5: MES | F5: =4000000*1.7 -> 6800000 | G5: =+F5*D5 -> 13600000
A6: 3 | B6: 77101806 | C6: LEVANTAMIENTO TOPOGRAFICO DETALLADO | D6: 1 | E6: UN. | F6: 1300000 | G6: =+F6*D6 -> 1300000
A7: 4 | B7: 77101806 | C7: ESTUDIO DE SUELOS (INCLUYE EXPLORACIoN GEOTÉCNCICA Y ENSAÑOS DE LABORATORIO) | D7: 1 | E7: UN. | F7: 4000000 | G7: =+F7*D7 -> 4000000
A8: 5 | B8: 77101806 | C8: DISEÑO ARQUITECTONICO:implantación, cubiertas básicas, detalles constructivos, acabados, señalización. | D8: 1 | E8: UN. | F8: 2500000 | G8: =+F8*D8 -> 2500000
A9: 6 | B9: 77101806 | C9: DISEÑO ESTRUCTURAL (Cubiertas, anclajes, placa localizada para surtidor y tanque (detalles, juntas, subbase y refuerzo). | D9: 1 | E9: UN. | F9: 3200000 | G9: =+F9*D9 -> 3200000
A10: 7 | B10: 77101806 | C10: DISEÑO ELECTRICO (Acometida, tableros, puesta a tierra, luminarias, canalizaciones, diagrama unifilar y memorias) | D10: 1 | E10: UN. | F10: 1000000 | G10: =+F10*D10 -> 1000000
A11: 8 | B11: 77101806 | C11: DISEÑO HIDROSANITARIO: Aguas lluvias generales, drenaje de zona de abastecimiento con manejo por posibles derrames, trampa de grasas, detalle | D11: 1 | E11: UN. | F11: 1000000 | G11: =+F11*D11 -> 1000000
A12: 10 | B12: 77101806 | C12: GASTOS DE OFICINA, PAPELERIA, INFORMES Y REGISTRO FOTOGRAFICO | D12: 1 | E12: UN. | F12: 600000 | G12: =+F12*D12 -> 600000
A13: 11 | B13: 77101806 | C13: PERMISOS, LICENCIA DE CONSTRUCCIÓN Y PLAN DE PREPARACIÓN PARA PREVENCION Y RESPUESTA ANTE EMERGENCIAS | D13: 1 | E13: UN. | F13: 3800000 | G13: =+F13*D13 -> 3800000
G14: =+SUM(G4:G13) -> 39500000
C15: IVA 19% | G15: =+G14*0.19 -> 7505000
G16: =+G14+G15 -> 47005000
D22: 2020 | F22: 20000000
C23: 0.0562 | D23: 2021 | E23: =+F22*C23 -> 1124000 | F23: =+F22+E23 -> 21124000
C24: 0.1312 | D24: 2022 | E24: =+F23*C24 -> 2771468.8 | F24: =+F23+E24 -> 23895469
C25: 0.0928 | D25: 2023 | E25: =+F24*C25 -> 2217499.5 | F25: =+F24+E25 -> 26112968
C26: 0.052 | D26: 2024 | E26: =+F25*C26 -> 1357874.4 | F26: =+F25+E26 -> 27470843
C27: 0.051 | D27: 2025 | E27: =+F26*C27 -> 1401013 | F27: =+F26+E27 -> 28871856
A33: ADRIANA MAGALY CAMACHO PARRA
A34: Ingeniera de Apoyo
A35: Centro Agropecuario la Granja

Sheet CARGA PRESTACIONAL
B2: SALARIO
B3: MENSUAL | E3: 1750905 | F3: A
B4: SUBSIDIO DE TRANSPORTE | E4: 249095 | F4: B
B5: TOTAL MENSUAL | E5: 1750905 | F5: C
B6: ANUAL (A/30 X 360) CALENDARIO | E6: 21010860 | F6: D
B7: SUBSIDIO DE TRANSPORTE ANUAL (1) PARA CÁLCULO DE LIQUIDACION DE CESANTIAS Y PRIMA | E7: 2989140
B8: SUBSIDIO DE TRANSPORTE ANUAL (1) (2) PARA CÁLCULO DE HORA EFECTIVA Y VRS | E8: 2989140
B9: AUNAL CON SUBSIDIO DE TRANSPORTE | E9: 24000000 | F9: E
B10: CONCEPTO | C10: BASE | D10: FACTOR
B11: SALARIO NOMINAL
B12: SALARIO ANUAL (360 DIAS) | E12: 21010860 | F12: 1
B13: SUBSIDIO DE TRNASPORTE (2) PARA CALCULO DE HORA EFECTIVA Y VRS | E13: 2989140 | F13: 0.14226643
B14: PRESTACIONES SOCIALES
B15: CESANTIAS ANUALES (3) | C15: REF. E | D15: 36/360 | E15: 2400000 | F15: 0.1
B16: INTERESES SOBRE CESANTIAS | C16: CESANTIAS | D16: 0.12 | E16: 210108.6 | F16: 0.012
B17: PRIMA - 30 DIAS | C17: REF. C | D17: 1 | E17: 1750905 | F17: 0.072954375
B18: VACACIONES - 15 DIAS | C18: REF. A | D18: 0.5 | E18: 875452.5 | F18: 0.041666667
B19: SEGURIDAD SOCIAL
B20: PENSIONES | C20: REF. D | D20: 0.12 | E20: 2521303.2 | F20: 0.12
B21: SALUD (4) | C21: REF. D | D21: 0.085 | E21: 1785923.1 | F21: 0.085
B22: RIESGOS LABORALES (ARL) | C22: REF. D | D22: 0.0696 | E22: 1462355.9 | F22: 0.0696
B23: APORTES PARAFISCALES
B24: SENA (AFECTADO POR REFORMA TRIBUTARIA) ASUMIDO POR EL CREE) | C24: REF. D | D24: 0.02 | E24: 420217.2 | F24: 0.02
B25: ICBF (AFECTADO POR REFORMA TRIBUTARIA) ASUMIDO POR EL CREE) | C25: REF. D | D25: 0.03 | E25: 630325.8 | F25: 0.03
B26: CAJA DE COMPENSACION FAMILIAR ( TENER EN CUENTA LEY 1429 DE 2010 | C26: REF. D | D26: 0.04 | E26: 840434.4 | F26: 0.04
B27: FIC (FONDO NACIONAL DE FORMACIÓN PROFESIONAL DE LA INDUSTRIA DE LA CONSTRUCCION (5) MENSUAL UNA VEZ EL SALARIO MINIMO POR CADA 40 TRABAJADORES 12) | C27: REF. D | E27: 647834.85 | F27: 0.030833333
B28: DOTACION + IMPLEMENTOS DE SEGURIDAD INDUSTRIAL
B29: DOTACION (OVEROL + BOTAS) (6) | E29: 373780 | F29: 0.017789848
B30: IMPLEMENTOS DE SEGURIDAD INDUSTRIAL (CASTO, GUANTES, MONOGAFAS, TAPAOIDOS, BOTAS, TAPABOCAS) (7) | E30: 231748 | F30: 0.011029915
B31: VALOR REAL DEL SALARIO 2025 REF. F | C31: REF F. | E31: 38150389 | F31: 1.8157462
E32: 3179199 | F32: 1.8157462
E34: 1750905
D35: AYUDANTE | E35: 58363.5 | F35: 105970.61
D36: OFICIAL | E36: 112951.14 | F36: 180150.03
E37: =+E36/E35 -> 1.9353045
D40: AU | E40: 0.2695

Sheet ESTUDIO DE MERCADO ELECTROLINER
A1: CONTRATAR EL REDISEÑO, LICENCIAMIENTO Y CONSTRUCCION DE LAS OBRAS PARA EL SUMINISTRO, MONTAJE E IMPLEMENTACIÓN DE UN SISTEMA DE ALMACENAMIENTO Y SURTIDOR DE HIDROCARBUROS Y UNA ESTACION DE CARGA DE VEHÍCULOS ELECTRICOS EN EL CENTRO AGROPECUARIO LA GRANJA - VIGENCIA 2026
A2: LOTE 2
A3: ESTUDIO DE MERCADO ESTACION DE CARGA DE VEHICULOS ELECTRICOS
A4: ITEM | B4: ACTIVIDAD | C4: ESTUDIO DE MERCADO | G4: GRUPO EMPRESARIAL M&M INGENIERIA S.A.S NIT: 900526575-6 | I4: SM Consultoría e Ingeniería S.A.S. NIT: 901639610-5
C5: UND | D5: CANTIDAD | E5: VR. UNITARIO | F5: VALOR TOTAL | G5: VR. UNITARIO | H5: VALOR TOTAL | I5: V UNITARIO | J5: VALOR TOTAL
A7: 1 | B7: MEDIA TENSIÓN
A8: 1.1 | B8: Localización y replanteo media tensión. | C8: ml | D8: 5 | E8: =+AVERAGE(G8,I8) -> 3680 | F8: =+E8*D8 -> 18400 | G8: 4000 | H8: =+G8*D8 -> 20000 | I8: 3360 | J8: =+I8*D8 -> 16800
A9: 1.2 | B9: Suministro e instalación de postes de concreto de 12 mts x 1050 kg, incluye trasnporte y servicio de grúa. * poste de 12 mts x 75 | C9: Un. | D9: 1 | E9: =+AVERAGE(G9,I9) -> 3301165 | F9: =+E9*D9 -> 3301165 | G9: 3500000 | H9: =+G9*D9 -> 3500000 | I9: 3102330 | J9: =+I9*D9 -> 3102330
A10: 1.3 | B10: Suministro y construcción a todo costo de estructura tipo arranque de circuito trifasico en media tension. | C10: Un. | D10: 1 | E10: =+AVERAGE(G10,I10) -> 1364775.5 | F10: =+E10*D10 -> 1364775.5 | G10: 1500000 | H10: =+G10*D10 -> 1500000 | I10: 1229551 | J10: =+I10*D10 -> 1229551
A11: 1.4 | B11: Suministro y construcción a todo costo de estructura de paso en media tensión de 13,2 kv. | C11: Un. | D11: 1 | E11: =+AVERAGE(G11,I11) -> 966136.5 | F11: =+E11*D11 -> 966136.5 | G11: 1000000 | H11: =+G11*D11 -> 1000000 | I11: 932273 | J11: =+I11*D11 -> 932273
A12: 1.5 | B12: Suministro e instalación de lineas de media tension en cable ACSR 13,2 kv. | C12: ml | D12: 5 | E12: =+AVERAGE(G12,I12) -> 64030.5 | F12: =+E12*D12 -> 320152.5 | G12: 70000 | H12: =+G12*D12 -> 350000 | I12: 58061 | J12: =+I12*D12 -> 290305
A13: 2 | B13: SISTEMA DE MEDIDA Y TRANSFORMACIÓN
A14: 2.1 | B14: Suministro e instalación a todo costo de sistema de medida indirecta 13,2kv 3 elementos montaje en poste con seccionador tripolar. incluye: | C14: Un. | D14: 1 | E14: =+AVERAGE(G14,I14) -> 25165094 | F14: =+E14*D14 -> 25165094 | G14: 27500000 | H14: =+G14*D14 -> 27500000 | I14: 22830189 | J14: =+I14*D14 -> 22830189
B15: * cruceta metalica.
B16: * diagonal recta.
B17: * 3 transformadores de corriente tipo exterior 10/5a 17,5kv.
B18: * 3 transformadores de potencial tipo exterior 13,2kv / 120v.
B19: * 3 cortacircuito de 15 kv con sus respectivos fusibles.
B20: * 6 dps de 10 ka, 12 kv de oxido metalico.
B21: *cable de cobre desnudo
A22: 2.2 | B22: Suministro e instalación a todo costo de medidor tipo integrador trifasico indirecto 3x120v 0-10a en gabinete extterior. | C22: Un. | D22: 1 | E22: =+AVERAGE(G22,I22) -> 5446570 | F22: =+E22*D22 -> 5446570 | G22: 5500000 | H22: =+G22*D22 -> 5500000 | I22: 5393140 | J22: =+I22*D22 -> 5393140
B23: incluye:
B24: *medidor de energia trifasico de medida indirecta clase 0,5s potencia activa y 1 potencia reactiva. 3x120v 0-10a
B25: *bornera de prueba.
B26: *cables de señal no12 cu tipo vehicular.
B27: *tubo imc 1"
B28: *elementos de fijación y ajuste
A29: 2.3 | B29: Suministro e instalación a todo costo de transformador trifasico de 75 kva 13200v / 440V 60hz tipo poste, incluye: | C29: Un. | D29: 1 | E29: =+AVERAGE(G29,I29) -> 22932146 | F29: =+E29*D29 -> 22932146 | G29: 25000000 | H29: =+G29*D29 -> 25000000 | I29: 20864293 | J29: =+I29*D29 -> 20864293
B30: * cruceta metalica.
B31: * diagonal recta.
B32: *transporte y ubicación del transformador en sitio.
B33: *marcación e identificación cumpliendo retie y ntc2050.
B34: *conexión y energización.
B35: *certificado de prodcuto.
B36: *instalación cumpliendo retie, ntc2050
A37: 2.4 | B37: Suministro e instalación a todo costo de sistema malla puesta a tierra para transformador. | C37: Un. | D37: 1 | E37: =+AVERAGE(G37,I37) -> 3499551 | F37: =+E37*D37 -> 3499551 | G37: 3450000 | H37: =+G37*D37 -> 3450000 | I37: 3549102 | J37: =+I37*D37 -> 3549102
A38: 3 | B38: BAJA TENSION
A39: 3.1 | B39: Localización y replanteo de baja tensión. | C39: ml | D39: 12 | E39: =+AVERAGE(G39,I39) -> 3180 | F39: =+E39*D39 -> 38160 | G39: 3000 | H39: =+G39*D39 -> 36000 | I39: 3360 | J39: =+I39*D39 -> 40320
A40: 3.2 | B40: Suministro e instalación de tubería PVC de 4" para acometida desde subestacion electrica hasta tablero de control y distribucion principal incluye: suministro de tubería PVC 3 ductos. | C40: ml | D40: 12 | E40: =+AVERAGE(G40,I40) -> 195652.5 | F40: =+E40*D40 -> 2347830 | G40: 197500 | H40: =+G40*D40 -> 2370000 | I40: 193805 | J40: =+I40*D40 -> 2325660
A41: 3.3 | B41: Suministro y construcción de caja de inspección a todo costo de 0.80x0.80m para red de baja tensión en concreto de 2500PSI | C41: un | D41: 2 | E41: =+AVERAGE(G41,I41) -> 1007561.5 | F41: =+E41*D41 -> 2015123 | G41: 980000 | H41: =+G41*D41 -> 1960000 | I41: 1035123 | J41: =+I41*D41 -> 2070246
A42: 3.4 | B42: Suministro e instalación de acometida en baja tensión desde bornes de transformador hasta gabinete de distribucion principal, (3F+1N x4/0 AWG ) | C42: m | D42: 35 | E42: =+AVERAGE(G42,I42) -> 406052.5 | F42: =+E42*D42 -> 14211838 | G42: 415800 | H42: =+G42*D42 -> 14553000 | I42: 396305 | J42: =+I42*D42 -> 13870675
A43: 3.5 | B43: Suministro e instalación de gabinete de control principal de 1,90x0,80x0,45 terminado en pintura electrostática, incluye: suministro de totalizador principal, totalizadores de fuerza para equipos asociados, barrajes de cobre, cinta aislante, aisladores y demás elementos para su correcto funcionamiento. | C43: und | D43: 1 | E43: =+AVERAGE(G43,I43) -> 9811071.5 | F43: =+E43*D43 -> 9811071.5 | G43: 10000000 | H43: =+G43*D43 -> 10000000 | I43: 9622143 | J43: =+I43*D43 -> 9622143
A44: 4 | B44: LEGALIZACIÓN Y RETIE
A45: 4.1 | B45: Tramite ante operador de red para legalizacion de Proyecto, incluye: digitalizacion de informacion relacionada al proyecto, formatos, diseños, etc. | C45: Un. | D45: 1 | E45: =+AVERAGE(G45,I45) -> 3025000 | F45: =+E45*D45 -> 3025000 | G45: 3250000 | H45: =+G45*D45 -> 3250000 | I45: 2800000 | J45: =+I45*D45 -> 2800000
A46: 4.2 | B46: Certificacion Retie de proyecto. | C46: Un. | D46: 1 | E46: =+AVERAGE(G46,I46) -> 4257500 | F46: =+E46*D46 -> 4257500 | G46: 4350000 | H46: =+G46*D46 -> 4350000 | I46: 4165000 | J46: =+I46*D46 -> 4165000
A47: 4.3 | B47: Conexión cuadrilla linea viva. | C47: Un. | D47: 1 | E47: =+AVERAGE(G47,I47) -> 4735148 | F47: =+E47*D47 -> 4735148 | G47: 5020000 | H47: =+G47*D47 -> 5020000 | I47: 4450296 | J47: =+I47*D47 -> 4450296
A48: 5 | B48: SUMINISTRO E INSTALACIÓN CARGADOR 60kW (CCS2 + CCS2)
A49: 5.1 | B49: SUMINISTRO Y TRANSPORTE CARGADOR 60kW (CCS2 + CCS2) | C49: UND | D49: 1 | E49: =+AVERAGE(G49,I49) -> 52500000 | F49: =+E49*D49 -> 52500000 | G49: =12500*4000*1.05 -> 52500000 | H49: =+G49*D49 -> 52500000 | I49: =12500*4000*1.05 -> 52500000 | J49: =+I49*D49 -> 52500000
A50: 5.2 | B50: OBRA CIVIL, PREPARACION DE SUPERFICIE PARA UNA RESISTENCIA DE 200 KG DE PESO Y TENDIDO DE CABLEADO DE POTENCIA DESDE EL CUARTO GENERAL AL TRANSFORMADOR E INSTALACION DE PROTECCIONES, CONECTIVIAD A RED DE COMUNICACIONES, CONFIRGURACION Y PUESTA EN MARCHA | C50: UND | D50: 1 | E50: =+AVERAGE(G50,I50) -> 16500000 | F50: =+E50*D50 -> 16500000 | G50: 18000000 | H50: =+G50*D50 -> 18000000 | I50: 15000000 | J50: =+I50*D50 -> 15000000
A51: TOTAL COSTOS DIRECTOS | F51: =+SUM(F6:F50) -> 1.7245566e+08 | H51: =+SUM(H6:H50) -> 179859000 | J51: =+SUM(J6:J50) -> 165052323
A52: ADMINISTRACION | D52: 0.05 | F52: =+F51*D52 -> 8622783.1 | G52: 0.05 | H52: =+H51*G52 -> 8992950 | I52: 0.05 | J52: =+J51*I52 -> 8252616.2
A53: IMPREVISTOS | D53: 0.03 | F53: =+F51*D53 -> 5173669.8 | G53: 0.03 | H53: =+H51*G53 -> 5395770 | I53: 0.03 | J53: =+J51*I53 -> 4951569.7
A54: UTILIDAD | D54: 0.04 | F54: =+F51*D54 -> 6898226.5 | G54: 0.04 | H54: =+H51*G54 -> 7194360 | I54: 0.04 | J54: =+J51*I54 -> 6602092.9
A55: IVA SOBRE UTILIDAD | D55: 0.19 | F55: =+F54*D55 -> 1310663 | G55: 0.19 | H55: =+H54*G55 -> 1366928.4 | I55: 0.19 | J55: =+J54*I55 -> 1254397.7
A56: TOTAL PRESUPUESTO | F56: =+SUM(F51:F55) -> 1.94461e+08 | H56: =+SUM(H51:H55) -> 2.0280901e+08 | J56: =+SUM(J51:J55) -> 1.86113e+08
A61: ADRIANA MAGALY CAMACHO PARRA
A62: Ingeniera de Apoyo
